 Dungeon Crawl Stone Soup version 0.25.0-11-g1f837a76a1 (webtiles) character file.

Game seed: 890368528412019201

15218 xccam the Cleaver (level 12, 0/68 HPs)
             Began as a Tengu Warper on June 26, 2020.
             Was an Elder of Vehumet.
             Slain by a troll (12 damage)
             ... on level 13 of the Dungeon.
             The game lasted 00:29:38 (14392 turns).

xccam the Cleaver (Tengu Warper)                   Turns: 14392, Time: 00:29:39

Health: 0/68       AC: 10    Str: 20    XL:     12   Next: 24%
Magic:  11/14      EV: 21    Int: 21    God:    Vehumet [****..]
Gold:   507        SH:  6    Dex: 15    Spells: 6/15 levels left

rFire    . . .     SeeInvis .   x - +2 war axe (vorpal)
rCold    + . .     Gourm    .   M - +0 buckler
rNeg     . . .     Faith    .   o - +0 steam dragon scales
rPois    .         Spirit   .   (helmet restricted)
rElec    .         Reflect  .   m - +0 cloak
rCorr    .         Harm     .   A - +1 pair of gloves
MR       .....                  (boots unavailable)
Stlth    +.........             H - amulet of the acrobat
HPRegen  0.21/turn              y - ring of protection from cold
MPRegen  0.14/turn              t - ring of Taffaurowo {Wiz Str+4 Int+6}

@: frozen ramparts, flying quickly and evasively, quick
A: beak, talons 3, low mp 1, mutation resistance 1, strong 1, able to fly
a: Stop Flying, Renounce Religion


You were on level 13 of the Dungeon.
You worshipped Vehumet.
Vehumet was greatly pleased with you.
You were not hungry.

You visited 2 branches of the dungeon, and saw 14 of its levels.

You collected 788 gold pieces.
You spent 281 gold pieces at shops.

Inventory:

Hand Weapons
 x - a +2 vorpal war axe (weapon)
 S - a +0 broad axe
Missiles
 e - 3 boomerangs of dispersal
 g - 81 poisoned darts (quivered)
 R - 7 boomerangs
Armour
 h - +0 swamp dragon scales
 i - a cursed -1 chain mail
 m - a +0 cloak (worn)
 o - +0 steam dragon scales (worn)
 A - a +1 pair of gloves (worn)
 B - a +0 kite shield
 M - a +0 buckler (worn)
 O - a +0 troll leather armour
Jewellery
 l - an uncursed ring of protection from fire
 n - an uncursed amulet of guardian spirit
 t - the ring of Taffaurowo (right hand) {Wiz Str+4 Int+6}
   (You bought it in a shop on level 5 of the Dungeon)

   [ring of wizardry]

   It improves your spell success rate.
   It affects your strength (+4).
   It affects your intelligence (+6).
 y - a ring of protection from cold (left hand)
 z - an uncursed ring of wizardry
 D - an uncursed ring of fire
 H - an amulet of the acrobat (around neck)
Wands
 v - a wand of iceblast (13)
 G - a wand of random effects (9)
 I - a wand of digging (13)
 K - a wand of enslavement (3)
 L - a wand of clouds (4)
 Q - a wand of acid (6)
Scrolls
 c - 2 scrolls of fear
 d - 3 scrolls of blinking
 j - 3 scrolls of magic mapping
 p - 9 scrolls of teleportation
 s - 5 scrolls of amnesia
 w - a scroll of noise {unknown}
 C - 2 scrolls of remove curse
 F - a scroll of brand weapon {unknown}
 J - 2 scrolls of fog
 P - a scroll of vulnerability {unknown}
 T - 2 scrolls of enchant armour
 U - a scroll of enchant weapon
Potions
 a - a potion of berserk rage
 b - 2 potions of magic
 k - 2 potions of might
 q - 4 potions of lignification
 r - 2 potions of curing
 N - 3 potions of brilliance
Comestibles
 f - 32 rations


   Skills:
 - Level 5.0 Fighting
 * Level 13.0 Axes
 - Level 1.0 Throwing
 + Level 7.8 Armour
 + Level 8.1 Dodging
 * Level 8.7 Shields
 - Level 2.0 Spellcasting
 - Level 2.4 Translocations
 - Level 5.0 Ice Magic
 - Level 3.0 Poison Magic


You had 6 spell levels left.
You knew the following spells:

 Your Spells              Type           Power        Failure   Level  Hunger
a - Blink                 Tloc           N/A          3%          2    ##.....
b - Shroud of Golubria    Chrm/Tloc      #.....       6%          2    ##.....
c - Sting                 Tmut/Pois      #...         3%          1    #......
d - Magic Dart            Conj           #...         1%          1    #......
e - Frozen Ramparts       Ice            ###...       1%          3    ###....

Your spell library contained the following spells:

 Spells                   Type           Power        Failure   Level  Hunger
 Conjure Flame            Conj/Fire      #.......     5%          3    ###....
 Shock                    Conj/Air       #...         1%          1    #......
 Apportation              Tloc           ##....       2%          1    #......
 Ignite Poison            Fire/Tmut/Pois #.......     3%          3    ###....
 Mephitic Cloud           Conj/Pois/Air  #.......     3%          3    ###....
 Poisonous Vapours        Pois/Air       #.....       4%          2    ##.....
 Olgreb's Toxic Radiance  Pois           ##......     4%          4    #####..
 Static Discharge         Conj/Air       #.......     5%          3    ###....
 Animate Skeleton         Necr           N/A          6%          1    #......
 Corona                   Hex            #......      6%          1    #......
 Summon Small Mammal      Summ           #...         6%          1    #......
 Gell's Gravitas          Tloc           ##........   7%          3    ###....
 Lesser Beckoning         Tloc           ##........   7%          3    ###....
 Teleport Other           Tloc           ##......     7%          3    ###....
 Call Imp                 Summ           #.......     9%          2    ##.....
 Swiftness                Chrm/Air       #.......     9%          2    ##.....
 Airstrike                Air            #.........   16%         4    #####..
 Call Canine Familiar     Summ           #.......     17%         3    ###....
 Confusing Touch          Hex            #.......     17%         3    ###....
 Summon Guardian Golem    Hex/Summ       #.......     17%         3    ###....
 Summon Ice Beast         Ice/Summ       ##......     21%         4    #####..
 Passage of Golubria      Tloc           N/A          22%         4    #####..
 Bolt of Magma            Conj/Fire/Erth #.........   36%         5    ######.
 Iskenderun's Battlesphe  Conj/Chrm      #.......     36%         5    ######.
 Lightning Bolt           Conj/Air       #.........   36%         5    ######.
 Yara's Violent Unravell  Hex/Tmut       #.........   36%         5    ######.
 Petrify                  Tmut/Erth      #.......     47%         4    #####..
 Summon Lightning Spire   Summ/Air       #.......     47%         4    #####..
 Metabolic Englaciation   Hex/Ice        ##........   47%         5    ######.
 Iron Shot                Conj/Erth      #.........   85%         6    #######
 Orb of Destruction       Conj           #.........   100%        7    #######
 Spellforged Servitor     Conj/Summ      #.........   100%        7    #######


Dungeon Overview and Level Annotations

Branches:
Dungeon (13/15)            Temple (1/1) D:5            Lair (0/6) D:11
    Orc (0/2) D:9
 Vaults: D:13-14

Altars:
Ashenzari
Cheibriados
Dithmenos
Fedhas
Hepliaklqana
Makhleb
Okawaru
Sif Muna
Trog
Uskayaw
Vehumet
Xom

Shops:
D:4 *   D:5 *[   D:6 ?   D:12 [


Innate Abilities, Weirdness & Mutations

You have a beak for a mouth.
You have claws for feet.
You can fly continuously.
Your magical capacity is low. (-10% MP)
You are somewhat resistant to further mutation.
Your muscles are strong. (Str +2)


Message History

The centaur misses you.
The wall freezes the centaur.
The centaur closely misses you.
Unknown command.
The wall freezes the centaur.
The centaur wields a +0 shortbow.
The centaur shoots an arrow.
You block the arrow.
The wall freezes the troll.
You see here an arrow.
Unknown command.
You barely miss the troll.
The troll is lightly wounded.
The wall freezes the centaur.
The wall freezes the troll.
The troll misses you. x3
Unknown command.
You slash the troll! Your kick misses the troll.
The troll is severely wounded.
You barely miss the centaur.
The centaur unwields a +0 shortbow.
You block the centaur's attack.
A centaur comes into view.
The wall freezes the troll.
You block the troll's attack. The troll claws you!
* * * LOW HITPOINT WARNING * * *
The troll claws you!
You die...

####+##.....,,,,,,,,,,,,,,
#....#..c..,,,,,,,,,,,,,,,
#....#....#*,,,,,,,*,*,*,*
#....#....##,,,,,,,**,*,*,
#....##....+,,,,,,,,,*,,,≈
#....##....#,,,,,,,,*,,≈≈≈
#......[...#,,,,,,,,,*,≈≈≈
#.......cT##,,,,,,,**,,≈≈8
#.......(@##,,,,,,,*,*,≈≈8
#....##....#,,,,,,,**,≈≈≈≈
#....##....#,,,,,,,*,*,≈≈≈
#..........#,,,,,,,,*,,,≈,
#.........##,,,,,,,,,*,*,*
#..)......#*,,,,,,,**,*,*,
#....##...#*,,,,,,,,*,,,,,
#....##...#*,,,,,,,**,,,,,
#....#*.....,,,,,>,*******


You could see a troll and 2 centaurs.

Vanquished Creatures
  Harold (D:11)
  Josephine (D:11)
  2 hydras
  A two-headed ogre (D:10)
  Pikel (D:7)
  2 oklob plants (D:8)
  Maggie (D:7)
  3 trolls
  4 slime creatures (D:13)
  A hornet (D:12)
  2 dream sheep (D:8)
  2 hippogriffs
  A wyvern (D:9)
  7 yaks
  4 wraiths (D:11)
  2 steam dragons (D:8)
  A hungry ghost (D:13)
  Edmund (D:6)
  A water moccasin (D:10)
  A black bear (D:11)
  An orc warrior (D:10)
  3 ice beasts
  5 sky beasts
  A hornet zombie (D:12)
  3 necrophages
  3 phantoms
  2 ogres
  4 centaurs
  7 big kobolds
  8 bullfrogs
  A gnoll sergeant (D:5)
  5 jellies
  10 killer bees
  A scorpion (D:7)
  4 howler monkeys
  5 crimson imps
  A centaur zombie (D:8)
  3 quasits
  A bullfrog zombie (D:8)
  3 orc priests
  Crazy Yiuf (D:3)
  3 bullfrog skeletons
  3 centaur skeletons
  3 hounds
  Jessica (D:3)
  7 orc wizards
  8 worker ants
  A hound zombie (D:10)
  3 hound skeletons
  Robin (D:3)
  7 gnolls
  20 adders
  2 oozes (D:2)
  An adder skeleton (D:6)
  An adder zombie (D:5)
  2 worms (D:2)
  3 dart slugs
  3 leopard geckos
  27 orcs
  7 giant cockroaches
  18 goblins
  11 hobgoblins
  11 jackals
  26 kobolds
  4 quokkas
  3 ball pythons
  8 bats
  A frilled lizard (D:2)
  A leopard gecko skeleton (D:6)
  7 rats
304 creatures vanquished.

Vanquished Creatures (others)
  An iguana (D:7)
1 creature vanquished.

Grand Total: 305 creatures vanquished

Notes
Turn   | Place    | Note
-------+----------+-------------------------------------------
     0 | D:1      | xccam the Tengu Warper began the quest for the Orb.
     0 | D:1      | Reached XP level 1. HP: 12/12 MP: 4/4
   168 | D:1      | Reached skill level 3 in Axes
   168 | D:1      | Reached XP level 2. HP: 17/17 MP: 6/6
   726 | D:1      | Reached XP level 3. HP: 1/21 MP: 7/7
  1189 | D:2      | Reached skill level 4 in Axes
  1303 | D:2      | Found a hazy altar of Hepliaklqana.
  1487 | D:2      | Found an iron altar of Okawaru.
  1509 | D:2      | Reached XP level 4. HP: 25/26 MP: 8/8
  1763 | D:2      | Found a shattered altar of Ashenzari.
  1764 | D:2      | Found a hide-covered altar of Uskayaw.
  1764 | D:2      | Found a snail-covered altar of Cheibriados.
  1769 | D:2      | Reached skill level 5 in Axes
  2268 | D:2      | Gained mutation: You can fly continuously. [Tengu growth]
  2268 | D:2      | Reached XP level 5. HP: 26/30 MP: 7/9
  2812 | D:3      | Noticed Robin
  2824 | D:3      | Killed Robin
  3027 | D:3      | Found a runed translucent door.
  3028 | D:3      | Noticed Crazy Yiuf
  3039 | D:3      | Killed Crazy Yiuf
  3039 | D:3      | Reached skill level 6 in Axes
  3341 | D:3      | Noticed Jessica
  3346 | D:3      | Killed Jessica
  3741 | D:4      | Reached XP level 6. HP: 30/35 MP: 8/10
  3957 | D:4      | Found Cufe's Lightly-Used Armoury.
  3974 | D:4      | Found a shimmering altar of Xom.
  3984 | D:4      | Noticed a phantom
  4000 | D:4      | Killed a phantom
  4383 | D:4      | Reached XP level 7. HP: 40/40 MP: 11/11
  4631 | D:4      | Reached skill level 7 in Axes
  4801 | D:5      | Entered Level 5 of the Dungeon
  4938 | D:5      | Reached XP level 8. HP: 44/44 MP: 12/12
  4955 | D:5      | Reached skill level 5 in Dodging
  5000 | D:5      | Learned a level 2 spell: Blink
  5003 | D:5      | Learned a level 2 spell: Shroud of Golubria
  5448 | D:5      | Found Bostiahe's Armour Shoppe.
  5461 | D:5      | Reached skill level 5 in Armour
  5521 | D:5      | Bought a +1 pair of gloves for 126 gold pieces
  5577 | D:5      | Reached skill level 8 in Axes
  5808 | D:5      | Found Enint's Assorted Antiques.
  5812 | D:5      | Bought a crude golden ring for 155 gold pieces
  5812 | D:5      | Identified the ring of Taffaurowo {Wiz Str+4 Int+6} (You
                  | bought it in a shop on level 5 of the Dungeon)
  5849 | D:5      | Found a staircase to the Ecumenical Temple.
  5858 | Temple   | Entered the Ecumenical Temple
  5897 | Temple   | Became a worshipper of Vehumet
  6048 | D:6      | Found Lizxiy's Magic Scroll Boutique.
  6231 | D:6      | Noticed Edmund
  6267 | D:6      | Killed Edmund
  6267 | D:6      | Reached XP level 9. HP: 19/47 MP: 4/13
  6951 | D:6      | Found a burning altar of Makhleb.
  7073 | D:7      | Reached skill level 9 in Axes
  7390 | D:7      | Reached * piety under Vehumet
  7390 | D:7      | Offered knowledge of Foxfire by Vehumet.
  7393 | D:7      | Learned a level 1 spell: Sting
  7590 | D:7      | Reached skill level 1 in Poison Magic
  7926 | D:7      | Noticed Pikel
  7942 | D:7      | Killed Pikel
  8052 | D:7      | Reached skill level 5 in Fighting
  8084 | D:7      | Noticed Maggie
  8094 | D:7      | Killed Maggie
  8094 | D:7      | Reached XP level 10. HP: 50/59 MP: 14/14
  8459 | D:8      | Reached skill level 10 in Axes
  8778 | D:8      | Gained mutation: Your mind is acute. (Int +2) [potion of
                  | mutation]
  8778 | D:8      | Gained mutation: Your flesh is heat resistant. (rF+)
                  | [potion of mutation]
  8778 | D:8      | Gained mutation: You do not regenerate when monsters are
                  | visible. [potion of mutation]
  8778 | D:8      | Gained mutation: You have a pair of small antennae on your
                  | head. [potion of mutation]
  9096 | D:8      | Lost mutation: Your flesh is heat resistant. (rF+) [potion
                  | of mutation]
  9096 | D:8      | Lost mutation: Your mind is acute. (Int +2) [potion of
                  | mutation]
  9096 | D:8      | Lost mutation: You have a pair of small antennae on your
                  | head. [potion of mutation]
  9096 | D:8      | Gained mutation: Your flesh is heat resistant. (rF+)
                  | [potion of mutation]
  9096 | D:8      | Gained mutation: Your flesh is very heat resistant. (rF++)
                  | [potion of mutation]
  9096 | D:8      | Gained mutation: You are somewhat resistant to further
                  | mutation. [potion of mutation]
  9097 | D:8      | Lost mutation: You are somewhat resistant to further
                  | mutation. [potion of mutation]
  9097 | D:8      | Lost mutation: Your flesh is very heat resistant. (rF++)
                  | [potion of mutation]
  9097 | D:8      | Lost mutation: You do not regenerate when monsters are
                  | visible. [potion of mutation]
  9097 | D:8      | Lost mutation: Your flesh is heat resistant. (rF+) [potion
                  | of mutation]
  9097 | D:8      | Gained mutation: You are somewhat resistant to further
                  | mutation. [potion of mutation]
  9097 | D:8      | Gained mutation: Your magical capacity is low. (-10% MP)
                  | [potion of mutation]
  9097 | D:8      | Gained mutation: Your muscles are strong. (Str +2) [potion
                  | of mutation]
  9117 | D:8      | Reached ** piety under Vehumet
  9125 | D:8      | Offered knowledge of Magic Dart by Vehumet.
  9141 | D:8      | Learned a level 1 spell: Magic Dart
  9202 | D:8      | Found a blossoming altar of Fedhas.
  9204 | D:8      | Noticed an oklob plant
  9204 | D:8      | Noticed an oklob plant
  9342 | D:8      | Killed an oklob plant
  9342 | D:8      | Reached skill level 11 in Axes
  9342 | D:8      | Reached skill level 5 in Shields
  9346 | D:8      | Killed an oklob plant
  9898 | D:8      | Noticed a three-headed hydra
  9936 | D:8      | Killed a five-headed hydra
  9936 | D:8      | Reached XP level 11. HP: 22/63 MP: 8/13
 10419 | D:9      | Reached skill level 12 in Axes
 10484 | D:9      | Offered knowledge of Frozen Ramparts by Vehumet.
 10558 | D:9      | Found a staircase to the Orcish Mines.
 10823 | D:9      | Reached *** piety under Vehumet
 11081 | D:9      | Learned a level 3 spell: Frozen Ramparts
 11232 | D:10     | Entered Level 10 of the Dungeon
 11237 | D:10     | Reached skill level 1 in Ice Magic
 11284 | D:10     | Noticed a two-headed ogre
 11293 | D:10     | Killed a two-headed ogre
 11847 | D:10     | Offered knowledge of Conjure Flame by Vehumet.
 12406 | D:11     | Noticed Josephine
 12415 | D:11     | Killed Josephine
 12415 | D:11     | Reached skill level 5 in Ice Magic
 12780 | D:11     | Found a staircase to the Lair.
 12786 | D:11     | Noticed Harold
 12814 | D:11     | Killed Harold
 13249 | D:12     | Paralysed by a hornet for 1 turns
 13588 | D:12     | Reached XP level 12. HP: 62/68 MP: 14/14
 13710 | D:12     | Noticed an eight-headed hydra
 13992 | D:12     | Killed a ten-headed hydra
 14089 | D:12     | Found Werar's Antique Armour Shoppe.
 14331 | D:13     | Reached **** piety under Vehumet
 14385 | D:13     | Reached skill level 13 in Axes
 14392 | D:13     | Slain by a troll

Illustrated notes

Levels and vault maps discovered:
D:1:      matt_arrival_grand_opening, layout_basic
D:2:      minmay_general_purpose_star, layout_basic, overflow_temple_1_default,
          nicolae_overflow_hidden_temple,
          chequers_temple_overflow_statue_of_worship, first_ration
D:3:      minmay_door_path, layout_basic, uniq_crazy_yiuf_cottage, uniq_jessica,
          uniq_robin
D:4:      layout_cave_pools, overflow_temple_1_default, minmay_shop_damaged,
          chequers_serial_rivers_small_a, minmay_goblin_kobold_house
D:5:      layout_basic, minmay_temple_entry_glassed_door, serial_shops, shop,
          shop
D:6:      layout_loops_cross, serial_shops, nicolae_shop_window_shopping,
          makhleb_blood_cavern_becter, uniq_edmund
D:7:      layout_basic, uniq_pikel, uniq_maggie
D:8:      kennysheep_steamy, layout_basic, hangedman_tree_tricks,
          hangedman_ranch [blue_anna_fruit_fields]
D:9:      layout_long_grid, orc_0_dummy, minmay_misc_feat_columns
D:10:     layout_roguey, eino_small_chamber_without_monster
D:11:     layout_basic, lair_entry_dummy, kennysheep_cluttered_room,
          uniq_harold, uniq_josephine
D:12:     layout_cave_pools, serial_shops, shop_fountains
D:13:     layout_gridville, grunt_vaults_entry_tiered, enter_bailey_6,
          minivault_8, uniq_erolcha, uniq_frances
Temple:   regret_index_temple_sphere_string

Skill      XL: |  1  2  3  4  5  6  7  8  9 10 11 12 |
---------------+-------------------------------------+-----
Axes           | 3 4 5 6 7 8 9 11 12 13 | 13.0
Armour         | 2 3 4 6 7 |  7.8
Dodging        | 3 4 6 7 8 |  8.1
Poison Magic   | 3 |  3.0
Fighting       | 5 |  5.0
Shields        | 2 6 8 |  8.7
Ice Magic      | 5 |  5.0
Throwing       | |  1.0
Spellcasting   | |  2.0
Translocations | |  2.4

Action                   |  1- 3 |  4- 6 |  7- 9 | 10-12 || total
-------------------------+-------+-------+-------+-------++-------
Melee: Hand axe          |    60 |   137 |       |       ||   197
       Kick              |     9 |    27 |    56 |   118 ||   210
       Peck              |     2 |    24 |    36 |    84 ||   146
       War axe           |       |     3 |   214 |   381 ||   598
Throw: Dart              |     5 |     4 |    38 |     5 ||    52
       Boomerang         |     2 |       |       |       ||     2
 Cast: Blink             |       |       |     1 |     5 ||     6
       Sting             |       |       |     3 |    27 ||    30
       Shroud of Golubri |       |       |     3 |       ||     3
       Frozen Ramparts   |       |       |       |    13 ||    13
       Magic Dart        |       |       |       |     7 ||     7
 Abil: Fly               |       |     1 |       |       ||     1
Evoke: Wand              |       |       |       |    19 ||    19
  Use: Scroll            |     2 |     5 |     5 |    10 ||    22
       Potion            |       |       |     1 |    10 ||    11
 Stab: Sleeping          |       |     1 |     1 |     2 ||     4
       Distracted        |       |       |       |     1 ||     1
       Invisible         |       |       |       |     1 ||     1
  Eat: Chunk             |     2 |     9 |     8 |    19 ||    38
       Ration            |       |       |     1 |     1 ||     2
Armor: Leather armour    |     9 |       |       |       ||     9
       Scale mail        |    11 |    19 |       |       ||    30
       Animal skin       |       |    15 |    44 |    22 ||    81
       Steam dragon scal |       |       |       |    33 ||    33
       Skin              |       |       |       |     6 ||     6
Dodge: Dodged            |    46 |    77 |   195 |   297 ||   615
Block: Kite shield       |       |       |     3 |    94 ||    97
       Buckler           |       |       |       |    49 ||    49
